 Dungeon Crawl Stone Soup version 0.25-a0-365-g7600c65aa0 (webtiles) character file.

Game seed: 3252878177884661601, levelgen mode: deterministic

416 peskyplumber the Ruffian (level 6, -1/59 HPs)
             Began as a Troll Berserker on Jan 5, 2020.
             Was a Priest of Trog.
             Slain by a sky beast (5 damage)
             ... while paralysed
             ... on level 3 of the Dungeon.
             The game lasted 00:04:45 (2958 turns).

peskyplumber the Ruffian (Troll Berserker)          Turns: 2958, Time: 00:04:46

Health: -1/59      AC:  6    Str: 26 (28) XL:     6   Next: 60%
Magic:  5/5        EV:  1    Int:  0 (3)  God:    Trog [***...]
Gold:   251        SH:  0    Dex:  8 (9)  Spells: 5/5 levels left

rFire    . . .     SeeInvis .     - Unarmed
rCold    . . .     Gourm    +   (no shield)
rNeg     . . .     Faith    .   a - +0 animal skin
rPois    .         Spirit   .   (helmet restricted)
rElec    .         Reflect  .   (no cloak)
rCorr    .         Harm     .   (gloves unavailable)
MR       .....                  (boots unavailable)
Stlth    +.........             (no amulet)
HPRegen  0.59/turn              (no ring)
MPRegen  0.09/turn              (no ring)

@: paralysed, slowed, lost intelligence
A: large, unfitting armour, claws 3, fast metabolism 3, gourmand, regeneration
1, shaggy fur 1, tough skin 3
a: Berserk, Trog's Hand, Renounce Religion


You were on level 3 of the Dungeon.
You worshipped Trog.
Trog was most pleased with you.
You were not hungry.

You visited 1 branch of the dungeon, and saw 4 of its levels.

You collected 251 gold pieces.

Inventory:

Armour
 a - a +0 animal skin (worn)
Wands
 i - a wand of acid (6)
Scrolls
 c - 5 scrolls of identify
 e - 4 scrolls of teleportation
 g - a scroll of amnesia
 j - 2 scrolls of blinking {unknown}
 l - a scroll of fog {unknown}
 m - 4 scrolls of enchant weapon {unknown}
 n - a scroll of enchant armour {unknown}
 o - a scroll of immolation {unknown}
 r - a scroll of magic mapping {unknown}
Potions
 d - a potion of mutation {unknown}
 f - 4 potions of curing
 h - a potion of heal wounds {unknown}
 k - a potion of agility {unknown}
Comestibles
 b - 4 rations


   Skills:
 - Level 2.4 Fighting
 + Level 4.0 Dodging
 * Level 6.4 Unarmed Combat


You had 5 spell levels left.
You didn't know any spells.
Your spell library was empty.

Dungeon Overview and Level Annotations

Branches:
Dungeon (4/15)
 Temple: D:4-7

Altars:
Hepliaklqana
Nemelex Xobeh
Trog


Innate Abilities, Weirdness & Mutations

You are too large for most types of armour.
You have claws for hands.
Your metabolism is lightning-fast.
You like to eat raw meat.
Your natural rate of healing is unusually fast.
You are covered in fur. (AC +1)
You have extremely tough skin. (AC +3)


Message History

Something shocks you.
* * * LOW HITPOINT WARNING * * *
It was a potion of curing.
You feel better. Something hits you but does no damage.
It was a potion of degeneration.
There was something very wrong with that liquid.
You feel weakened.
You feel dopey.
You have lost your intelligence.
You feel clumsy. Something hits you.
* * * LOW HITPOINT WARNING * * *
Something shocks you.
* * * LOW HITPOINT WARNING * * *
Something hits you.
* * * LOW HITPOINT WARNING * * *
Something shocks you.
* * * LOW HITPOINT WARNING * * *
Something hits you.
* * * LOW HITPOINT WARNING * * *
Something shocks you.
You die...

..##........#.# #..# #.#
..###.#.##..#.# ####..# #.#
..###.#.##..#.####.....# #.#
......#.##..#..........# #.#
............######.##.## #.#
..................รท...#####.#
............................#
#..##.#.###)######.##########
#.....#.##.....{@..#
......[.........>..#
##.##.#.##.........#############
##.##.#.##.....................#
#..................#############
#..##.#.###.######.#
#..##.#.....# #.# ............#
#.# ............# #.#


There were no monsters in sight!

Vanquished Creatures
  Sigmund (D:3)
  A scorpion (D:4)
  Jessica (D:3)
  7 gnolls
  4 adders
  An ooze (D:3)
  An adder skeleton (D:4)
  2 worms
  2 dart slugs
  2 leopard geckos (D:1)
  2 orcs (D:4)
  4 giant cockroaches
  8 goblins
  12 hobgoblins
  2 jackals (D:1)
  A quokka (D:2)
  6 bats
  3 frilled lizards
  4 kobolds
  15 rats
79 creatures vanquished.

Notes
Turn   | Place    | Note
-------+----------+-------------------------------------------
     0 | D:1      | peskyplumber the Troll Berserker began the quest for the
                  | Orb.
     0 | D:1      | Reached XP level 1. HP: 22/22 MP: 0/0
   169 | D:1      | Reached XP level 2. HP: 29/29 MP: 1/1
   556 | D:1      | Reached ** piety under Trog
   704 | D:2      | Reached skill level 4 in Unarmed Combat
   704 | D:2      | Reached XP level 3. HP: 23/36 MP: 2/2
  1175 | D:2      | Reached XP level 4. HP: 26/44 MP: 3/3
  1733 | D:3      | Noticed Jessica
  1740 | D:3      | Killed Jessica
  1800 | D:3      | Reached skill level 5 in Unarmed Combat
  1861 | D:3      | Found a sparkling altar of Nemelex Xobeh.
  1918 | D:2      | Reached XP level 5. HP: 24/50 MP: 4/4
  2316 | D:3      | Noticed Sigmund
  2328 | D:3      | Killed Sigmund
  2328 | D:3      | Reached skill level 6 in Unarmed Combat
  2328 | D:3      | Reached XP level 6. HP: 54/59 MP: 5/5
  2419 | D:3      | Found a hazy altar of Hepliaklqana.
  2813 | D:4      | Found a bloodstained altar of Trog.
  2830 | D:4      | Reached *** piety under Trog
  2924 | D:4      | Noticed a sky beast
  2956 | D:3      | Lost intelligence.
  2958 | D:3      | Slain by a sky beast

Levels and vault maps discovered:
D:1:      onia_arrival_larder, layout_loops_ring
D:2:      layout_basic
D:3:      layout_basic, lemuel_crystal_altar, lemuel_doored_altar, first_ration,
          uniq_sigmund, uniq_jessica
D:4:      minmay_goblin_kobold_castle, layout_cave_pools, temple_fountains,
          trog_butcher_becter

Skill      XL: |  1  2  3  4  5  6 |
---------------+-------------------+-----
Unarmed Combat | 4 5 6 |  6.4
Dodging        | 3 4 |  4.0
Fighting       | |  2.4

Action                   |  1- 3 |  4- 6 || total
-------------------------+-------+-------++-------
Melee: Unarmed           |   116 |   127 ||   243
       Punch             |       |     4 ||     4
  Use: Scroll            |       |     3 ||     3
       Potion            |       |     2 ||     2
 Stab: Sleeping          |     3 |       ||     3
  Eat: Chunk             |     6 |     5 ||    11
       Ration            |     1 |     3 ||     4
Armor: Animal skin       |    43 |    48 ||    91
Dodge: Dodged            |    75 |    78 ||   153

Table legend:
 A = Non-vault XP
 B = Vault XP
 C = Vault XP percentage of total XP
 D = Non-vault monster count
 E = Vault monster count
 F = Vault count percentage of total count
                 A         B        C        D         E       F
            +---------+---------+-------+---------+---------+-------
      Total |     334 |     261 |  43.9 |      67 |      12 |  15.2
            +---------+---------+-------+---------+---------+-------
        D:1 |      34 |       6 |  15.0 |      19 |       6 |  24.0
        D:2 |     132 |       0 |   0.0 |      25 |       0 |   0.0
        D:3 |      81 |     249 |  75.5 |      19 |       2 |   9.5
        D:4 |      87 |       6 |   6.5 |       4 |       4 |  50.0
            +---------+---------+-------+---------+---------+-------
